 Dungeon Crawl Stone Soup version 0.31-a0-774-g0d66cbabe8 (webtiles) character file.

Game seed: 16492935791572430098

126 Shayle the Firebug (level 5, -2/48 HPs)
             Began as an Ogre Hexslinger on Sept 18, 2023.
             Killed from afar by Natasha (3 damage)
             ... with a magic dart
             ... on level 3 of the Dungeon.
             The game lasted 00:02:27 (1285 turns).

Shayle the Firebug (Ogre Hexslinger)                Turns: 1285, Time: 00:02:27

Health: -2/48      AC:  3    Str: 12    XL:     5   Next: 9%
Magic:  6/6        EV: 10    Int: 16    God:
Gold:   130        SH:  0    Dex: 11    Spells: 6/6 levels left

rFire   . . .        a - +1 sling
rCold   . . .        (no shield)
rNeg    . . .        c - +0 robe
rPois   .            (helmet restricted)
rElec   .            (no cloak)
rCorr   .            (gloves unavailable)
SInv    .            (boots unavailable)
Will    .....        (no amulet)
Stlth   +            (no ring)
HPRegen 0.28/turn    (no ring)
MPRegen 0.10/turn

%: no passive effects
@: slowed, very slow
A: large, unfitting armour, tough skin 1
a: no special abilities


You were on level 3 of the Dungeon.
You visited 1 branch of the dungeon, and saw 3 of its levels.

You collected 130 gold pieces.

Inventory:

Hand Weapons
 a - a +1 sling (weapon)
Armour
 c - a +0 robe (worn)
Jewellery
 h - a ring of protection from fire
Scrolls
 b - a scroll of poison
 d - 2 scrolls of identify
 e - a scroll of noise {unknown}
 f - a scroll of brand weapon {unknown}
Potions
 g - a potion of degeneration {unknown}
 i - a potion of berserk rage {unknown}
 k - a potion of curing


   Skills:
 - Level 1.3 Fighting
 - Level 1.3 Ranged Weapons
 - Level 1.7 Dodging
 + Level 2.8 Unarmed Combat
 - Level 1.2 Spellcasting
 - Level 2.6 Hexes
 + Level 3.0 Fire Magic


You had 6 spell levels left.
You didn't know any spells.
Your spell library contained the following spells:

 Spells                   Type           Power      Damage    Failure   Level
 Jinxbite                 Hex            18%        N/A       12%         2
 Inner Flame              Hex/Fire       10%        N/A       21%         3
 Sigil of Binding         Hex            9%         N/A       22%         3
 Searing Ray              Conj           0%         2d4       34%         2
 Mephitic Cloud           Conj/Pois/Air  0%         N/A       56%         3
 Ozocubu's Armour         Ice            0%         N/A       56%         3
 Cause Fear               Hex            4%         N/A       58%         4
 Dimensional Bullseye     Hex/Tloc       2%         N/A       78%         4
 Fireball                 Conj/Fire      2%         3d4       98%         5
 Metabolic Englaciation   Hex/Ice        2%         N/A       98%         5
 Simulacrum               Ice/Necr       0%         N/A       100%        6


Dungeon Overview and Level Annotations

Branches:
Dungeon (3/15)

Altars:

Annotations:
D:3 Natasha


Innate Abilities, Weirdness & Mutations

You are too large for most types of armour.
You have tough skin. (AC +1)


Message History

The cerulean imp completely misses you.
Natasha mumbles some strange words.
It was a potion of curing.
You feel better. Natasha barely misses you.
The cerulean imp hits you from afar with a +2 spear.
The cerulean imp completely misses you.
The cerulean imp hits you but does no damage.
The cerulean imp hits you from afar with a +2 spear.
Natasha claws you.
You shoot a sling bullet.
The sling bullet hits Natasha but does no damage.
Natasha is almost dead.
The cerulean imp hits you from afar with a +1 spear.
The cerulean imp closely misses you.
Natasha howls an incantation.
You feel disoriented. Natasha barely misses you.
The cerulean imp hits you from afar with a +2 spear.
* * * LOW HITPOINT WARNING * * *
The cerulean imp hits you from afar with a +0 spear.
* * * LOW HITPOINT WARNING * * *
The cerulean imp hits you but does no damage.
The cerulean imp closely misses you. Natasha casts a spell at you.
The magic dart hits you.
* * * LOW HITPOINT WARNING * * *
Unknown command.
As you read the scroll labelled ACWEHO SAES, it crumbles to dust.
It is a scroll of identify.
j - a scroll of fear The cerulean imp hits you but does no damage. x2
Natasha claws you.
* * * LOW HITPOINT WARNING * * *
The cerulean imp barely misses you. The cerulean imp closely misses you.
The cerulean imp hits you but does no damage.
As you read the scroll of fear, it crumbles to dust.
You assume a fearsome visage.
Natasha looks frightened!
The cerulean imp looks frightened! x3
Natasha stares at you and mumbles some strange words.
The magic dart hits you.
You die...

...........# #.#
#######.##.#
#.###### # #.#
.#########>.....#
...
.....†...######.#
.#.#.#######.# #.#
. .# ###.######.#
.. .. #..........#
.# #.....######
#@...........
......h.....#######
#....55.5...#
###.######### #


You could see Natasha (fleeing) and 3 cerulean imps.

Vanquished Creatures
  Natasha (twice) (D:3)
  3 adders
  3 dart slugs
  5 ball pythons
  4 endoplasms
  A giant cockroach (D:3)
  A goblin (D:1)
  3 hobgoblins (D:1)
  7 jackals
  3 quokkas (D:1)
  2 bats
  3 kobolds
  5 rats
42 creatures vanquished.

Notes
Turn   | Place    | Note
-------+----------+-------------------------------------------
     0 | D:1      | Shayle the Ogre Hexslinger began the quest for the Orb.
     0 | D:1      | Reached XP level 1. HP: 19/19 MP: 2/2
     9 | D:1      | Reached skill level 1 in Fire Magic
    79 | D:1      | Reached XP level 2. HP: 23/27 MP: 3/3
    82 | D:1      | Reached skill level 1 in Unarmed Combat
   329 | D:1      | Got a droning book
   340 | D:1      | Reached XP level 3. HP: 33/33 MP: 4/4
   429 | D:1      | Reached skill level 2 in Fire Magic
   806 | D:2      | Reached XP level 4. HP: 10/41 MP: 5/5
   946 | D:3      | Noticed Natasha
   950 | D:3      | Killed Natasha
  1146 | D:3      | Noticed Natasha
  1152 | D:3      | Killed Natasha
  1153 | D:3      | Reached skill level 3 in Fire Magic
  1153 | D:3      | Reached XP level 5. HP: 40/48 MP: 6/6
  1265 | D:3      | Noticed Natasha
  1284 | D:3      | HP: 1/48 [Natasha (4)]
  1285 | D:3      | Killed from afar by Natasha

Illustrated notes

Levels and vault maps discovered:
D:1:      orjb1_lava_funnel, layout_basic, serial_bayou_pond_d, feat_on_display
D:2:      layout_loops_ring, basic_altar
D:3:      layout_loops_ring, serial_bayou_pond_d, uniq_natasha

Skill      XL: |  1  2  3  4 |
---------------+-------------+-----
Fire Magic     | 1 2 3 |  3.0
Unarmed Combat | 1 2 |  2.8
Fighting       | |  1.3
Ranged Weapons | |  1.3
Dodging        | |  1.7
Spellcasting   | |  1.2
Hexes          | |  2.6

Action                     |  1- 3 |  4- 6 || total
---------------------------+-------+-------++-------
   Fire: Sling             |   114 |    62 ||   176
    Use: Scroll            |       |     2 ||     2
         Potion            |       |     1 ||     1
 Armour: Robe              |    47 |    41 ||    88
  Dodge: Dodged            |    37 |    41 ||    78

Table legend: (Time is in decaauts)
 A = Elapsed time spent in this place.
 B = Non-inter-level travel time spent in this place.
 C = Inter-level travel time spent in this place.
 D = Time resting spent in this place.
 E = Time spent auto-exploring this place.
 F = Levels seen in this place.
 G = Mean time per level.
                   A        B        C        D        E       F      G
               +--------+--------+--------+--------+--------+-----+--------+
         Total |   1347 |   1347 |      0 |    128 |    868 |   3 |  449.0 |
       Dungeon |   1347 |   1347 |      0 |    128 |    868 |   3 |  449.0 |
               +--------+--------+--------+--------+--------+-----+--------+

Top non-repeatable levels by time:
     D:1: 578 daAuts
     D:3: 491 daAuts
     D:2: 276 daAuts
